 Seeded DCSS version 0.30.1-5-ged363bc7ee (webtiles) character file.

Game seed: 15113689061260748900 (custom seed)

10138 Psyclone the Thaumaturge (level 11, -18/75 HPs)
             Began as an Octopode Ice Elementalist on Sept 20, 2023.
             Demolished by an orc knight
             ... wielding a +0 glaive
              (21 damage)
             ... in a bailey.
             The game lasted 00:24:08 (7644 turns).

Psyclone the Thaumaturge (OpIE)                     Turns: 7644, Time: 00:24:09

Health: -18/75     AC: 14    Str:  8    XL:     11   Next: 57%
Magic:  22/34      EV: 16    Int: 21    God:
Gold:   522        SH:  0    Dex: 13    Spells: 15/31 levels left

rFire   x . .        E - +8 trident of Calamity {pain, Fragile rC++ rCorr Stlth+}
rCold   + + +        (no shield)
rNeg    + . .        (helmet restricted)
rPois   +            (no amulet)
rElec   .            f - ring of poison resistance
rCorr   +            g - ring of willpower
SInv    .            i - ring of flight
Will    +....        B - ring of magical power
Stlth   ++++         H - ring of ice
HPRegen 0.32/turn    m - ring "Qitoask" {rPois rN+ AC+4}
MPRegen 0.24/turn    (no ring)
                     (no ring)

%: no passive effects
@: ice-armoured, freezing walls, flying
A: almost no armour, amphibious, 8 rings, camouflage 1, gelatinous body 1,
(nimble swimmer 1), tentacles
a: no special abilities


You were in a bailey.
You visited 1 branch of the dungeon, and saw 7 of its levels.
You also visited: Sewer and Bailey.

You collected 522 gold pieces.

Inventory:

Hand Weapons
 b - a +0 dagger
 c - a +2 dagger of venom
 d - a +0 short sword of flaming
 v - a +2 dagger of chaos
 E - the +8 trident of Calamity (weapon) {pain, Fragile rC++ rCorr Stlth+}
   (You took it off a kobold on level 2 of the Dungeon)

   rC:        It greatly protects you from cold.
   rCorr:     It protects you from acid and corrosion.
   Fragile:   It will be destroyed if unequipped.
   Stlth:     It makes you more stealthy.
Missiles
 G - a throwing net {!f}
Jewellery
 f - a ring of poison resistance (left tentacle)
 g - a ring of willpower (right tentacle)
 i - a ring of flight (on tentacle)
 m - the ring "Qitoask" (on tentacle) {rPois rN+ AC+4}
   (You acquired it on level 7 of the Dungeon)

   [ring of protection]

   AC:        It affects your AC (+4).
   rPois:     It protects you from poison.
   rN:        It protects you from negative energy.
 B - a ring of magical power (on tentacle)
 H - a ring of ice (on tentacle)
Wands
 n - a wand of flame (13)
 p - a wand of mindburst (14)
 z - a wand of polymorph (6)
 D - a wand of roots (7)
Scrolls
 h - 2 scrolls of noise
 j - 3 scrolls of teleportation
 u - 2 scrolls of blinking
 x - a scroll of poison
 y - a scroll of enchant armour
 C - a scroll of butterflies
Potions
 a - 2 potions of magic
 e - a potion of ambrosia {unknown}
 k - 3 potions of haste {unknown}
 l - 3 potions of cancellation {unknown}
 o - 2 potions of might {unknown}
 q - 3 potions of curing {unknown}
 r - a potion of resistance {unknown}
 s - 2 potions of lignification {unknown}
 t - a potion of berserk rage
 w - a potion of flight {unknown}
 A - a potion of brilliance {unknown}
 F - a potion of degeneration {unknown}
 I - 4 potions of heal wounds


   Skills:
 + Level 7.5 Fighting
 - Level 8.0 Dodging
 - Level 2.6 Stealth
 - Level 10.6 Spellcasting
 + Level 5.4 Conjurations
 - Level 8.0 Ice Magic


You had 15 spell levels left.
You knew the following spells:

 Your Spells              Type           Power      Damage    Failure   Level
a - Freeze                Ice            100%       1d10      1%          1
b - Frozen Ramparts       Ice            100%       1d16      1%          3
c - Ozocubu's Armour      Ice            61%        N/A       1%          3
d - Magic Dart            Conj           100%       1d8       1%          1
e - Searing Ray           Conj           68%        2d6       1%          2
f - Fulminant Prism       Conj/Hex       11%        3d9       21%         4
q - Blink                 Tloc           22%        N/A       9%          2

Your spell library contained the following spells:

 Spells                   Type           Power      Damage    Failure   Level
 Momentum Strike          Conj/Tloc      44%        3d9       3%          2
 Lesser Beckoning         Tloc           22%        N/A       9%          2
 Summon Ice Beast         Ice/Summ       42%        N/A       12%         4


Dungeon Overview and Level Annotations

Branches:
Dungeon (7/15) Zot: 26453  Temple (0/1) D:7           Sewer (visited)
 Bailey (1/1) Zot: 5782

Altars:
Cheibriados
Elyvilon
Makhleb
Ru
Sif Muna
Trog
Uskayaw
Vehumet
Xom
Yredelemnul

Shops:
D:2 [   D:3 =   D:6 [


Innate Abilities, Weirdness & Mutations

You cannot wear most types of armour.
You are amphibious.
You can wear up to eight rings at the same time.
Your skin changes colour to match your surroundings (Stealth+).
Your rubbery body absorbs attacks. (AC +1, EV +1)
((You are camouflaged when in or above water. (Stealth+)))
You have tentacles for arms and can constrict up to eight enemies at once.


Message History

The orc warrior hits you from afar with a +0 spear!
The wall freezes the orc knight!
The orc knight hits you but does no damage.
You take 16 damage, and have 42/75 hp.
MASSIVE DAMAGE!!
You now have 25/34 mp.
The searing ray hits the orc knight but does no damage.
The orc knight is heavily wounded.
The searing ray hits the orc!
You kill the orc!
The searing ray hits the orc warrior.
The orc warrior is lightly wounded.
You finish channelling your searing ray.
The wall freezes the orc warrior!
The orc warrior barely misses you.
The wall freezes the orc knight but does no damage.
The orc knight hits you but does no damage.
You now have 24/34 mp.
Casting: Searing Ray (safe; 1% risk of failure)
Confirm with . or Enter, or press ? or * to list all spells.
Aiming: Searing Ray (safe; 1% risk of failure)
Press: ? - help, Shift-Dir - straight line, f/p - orc knight
Aim: an orc knight, wielding a +0 glaive and wearing a +0 plate armour (heavily wounded, 81% to hit)
The searing ray hits the orc knight but does no damage.
The orc knight is heavily wounded.
The searing ray hits the orc warrior.
The orc warrior is lightly wounded. (Press . to maintain the ray.)
The wall freezes the orc warrior.
The orc warrior hits you from afar with a +0 spear!
The wall freezes the orc knight.
The orc knight hits you from afar with a +0 glaive!
* * * LOW HITPOINT WARNING * * *
You take 21 damage, and have 21/75 hp.
MASSIVE DAMAGE!!
You now have 23/34 mp.
The searing ray hits the orc knight but does no damage.
The orc knight is heavily wounded.
The wall freezes the orc warrior but does no damage.
The orc warrior completely misses you.
The wall freezes the orc warrior.
The orc warrior hits you from afar with a +0 trident!!
* * * LOW HITPOINT WARNING * * *
The wall freezes the orc knight but does no damage.
The orc knight hits you from afar with a +0 glaive!!
You die...

####### #######
###.....#########.....##
.'.......#.....#.......#
.'...o#..'.....'...##..#
.'..)o)@.'.....'....8..'
.'...o#..'.....'..)##..#
.'.......#.....#..)....#
###.....#########))...##
####### #######


You could see an orc knight and 2 orc warriors.

Vanquished Creatures
  A hydra (D:7)
  Pikel (D:7)
  Maggie (D:6)
  A troll (D:7)
  Sigmund (D:5)
  A vampire mosquito (D:7)
  Edmund (D:4)
  3 water moccasins
  Duvessa (D:5)
  4 orc warriors
  Pargi (D:4)
  A black bear (D:7)
  2 sky beasts
  An ice beast (D:5)
  A centaur (D:6)
  3 lemures (D:7)
  3 ogres
  3 phantoms
  A bullfrog (D:7)
  6 scorpions
  Dowan (D:5)
  A wight (D:7)
  An oklob sapling (D:7)
  A howler monkey (D:6)
  A hound (D:7)
  2 jellies
  3 orc priests
  2 iguanas
  2 sleepcaps
  Ijyb (D:3)
  5 orc wizards
  9 adders
  3 gnolls (D:5)
  2 white imps
  An ufetubus (D:6)
  7 worms
  2 dart slugs
  34 orcs
  14 ball pythons
  8 endoplasms
  6 giant cockroaches
  5 goblins
  A hobgoblin (D:2)
  2 jackals (D:1)
  6 kobolds
  2 quokkas
  12 bats
  3 frilled lizards
  6 rats
180 creatures vanquished.

Vanquished Creatures (others)
  A black bear (D:7)
  2 orc warriors (D:7)
  A howler monkey (D:7)
  An orc wizard (D:7)
5 creatures vanquished.

Grand Total: 185 creatures vanquished

Notes
Turn   | Place    | Note
-------+----------+-------------------------------------------
     0 | D:1      | Psyclone the Octopode Ice Elementalist began the quest for
                  | the Orb.
     0 | D:1      | Reached XP level 1. HP: 11/11 MP: 3/3
   100 | D:1      | Reached XP level 2. HP: 12/17 MP: 3/5
   345 | D:1      | Reached XP level 3. HP: 21/21 MP: 6/6
   349 | D:1      | Learned a level 3 spell: Frozen Ramparts
   401 | D:1      | Reached skill level 5 in Ice Magic
  1010 | D:2      | You are sucked into a shaft and drop 1 floor!
  1162 | D:2      | Reached XP level 4. HP: 27/27 MP: 7/7
  1285 | D:2      | Found a radiant altar of Vehumet.
  1344 | D:2      | Identified the +8 trident of Calamity {pain, Fragile rC++
                  | rCorr Stlth+}
  1626 | D:2      | Found a faded altar of an unknown god.
  1782 | D:2      | Found Virgh's Antique Armour Boutique.
  1880 | D:3      | Noticed Ijyb
  1885 | D:3      | Killed Ijyb
  1886 | D:3      | Reached XP level 5. HP: 26/31 MP: 2/8
  1892 | D:3      | Learned a level 3 spell: Ozocubu's Armour
  2346 | D:3      | Found Guul's One-of-a-Kind Rings.
  2455 | D:3      | Found a sacrificial altar of Ru.
  2843 | D:4      | Noticed a phantom
  2858 | D:4      | Noticed Pargi
  3006 | D:4      | Found a glowing drain.
  3010 | D:4      | Reached XP level 6. HP: 36/36 MP: 5/9
  3064 | Sewer    | Entered a sewer
  3116 | Sewer    | Noticed a water moccasin
  3125 | Sewer    | Killed a water moccasin
  3248 | D:4      | Noticed Edmund
  4061 | D:5      | Entered Level 5 of the Dungeon
  4108 | D:5      | Found a white marble altar of Elyvilon.
  4187 | D:5      | Reached XP level 7. HP: 33/41 MP: 4/10
  4254 | D:5      | Reached skill level 3 in Spellcasting
  4337 | D:5      | Noticed Dowan
  4346 | D:5      | Killed Dowan
  4389 | D:5      | Noticed Duvessa
  4406 | D:5      | Killed Duvessa
  4407 | D:5      | Reached skill level 4 in Spellcasting
  4972 | D:5      | Reached skill level 5 in Spellcasting
  4972 | D:5      | Reached XP level 8. HP: 23/46 MP: 15/15
  5106 | D:5      | Found a shimmering blue altar of Sif Muna.
  5188 | D:5      | Noticed Sigmund
  5198 | D:5      | Killed Sigmund
  5672 | D:4      | Reached skill level 6 in Spellcasting
  5672 | D:4      | Reached skill level 1 in Fighting
  5787 | D:4      | Killed Pargi
  5861 | D:4      | Killed Edmund
  6166 | D:6      | Reached XP level 9. HP: 58/58 MP: 18/18
  6276 | D:6      | Reached skill level 5 in Dodging
  6295 | D:6      | Found a hide-covered altar of Uskayaw.
  6516 | D:6      | Found a basalt altar of Yredelemnul.
  6532 | D:6      | Reached skill level 5 in Fighting
  6532 | D:6      | Found a burning altar of Makhleb.
  6543 | D:6      | Learned a level 1 spell: Magic Dart
  6546 | D:6      | Learned a level 2 spell: Blink
  6549 | D:6      | Learned a level 2 spell: Searing Ray
  6554 | D:6      | Learned a level 4 spell: Fulminant Prism
  6564 | D:6      | Noticed Maggie
  6586 | D:6      | Killed Maggie
  6749 | D:6      | Found a snail-covered altar of Cheibriados.
  6760 | D:6      | Found Yloann's Antique Armour Shoppe.
  6903 | D:7      | Found a bloodstained altar of Trog.
  6932 | D:7      | Found a shimmering altar of Xom.
  6965 | D:7      | Noticed a troll
  6972 | D:7      | Killed a troll
  6996 | D:7      | Found the +1 robe of Vines {NoPotionHeal Regen++++}
  7009 | D:7      | Reached XP level 10. HP: 38/69 MP: 19/19
  7054 | D:7      | Identified a scroll of acquirement
  7054 | D:7      | Acquired the ring "Qitoask" {rPois rN+ AC+4}
  7110 | D:7      | Found a staircase to the Ecumenical Temple.
  7188 | D:7      | Noticed a four-headed hydra
  7202 | D:7      | Killed a four-headed hydra
  7205 | D:7      | Noticed Pikel
  7257 | D:7      | Found a flagged portal.
  7267 | D:7      | Killed Pikel
  7268 | D:7      | Reached skill level 5 in Conjurations
  7427 | Bailey   | Entered a bailey
  7552 | Bailey   | Reached skill level 10 in Spellcasting
  7552 | Bailey   | Reached XP level 11. HP: 51/75 MP: 25/25
  7633 | Bailey   | Noticed an orc knight
  7644 | Bailey   | HP: 3/75 [orc warrior/+0 trident (19)]
  7644 | Bailey   | Demolished by an orc knight

Illustrated notes

Levels and vault maps discovered:
D:1:      dpeg_arrival_erosion, layout_basic
D:2:      layout_basic, basic_altar, dreamdust_ecumenical_altar_statues,
          serial_shops, nicolae_shop_window_shopping
D:3:      layout_loops_ring, mainiacjoe_overflow_catwalk,
          nicolae_shop_unique_rings, hangedman_abyss_or_decor_stabs, uniq_ijyb
D:4:      layout_loops_ring, portal_sewer_entry_b, uniq_pargi, uniq_edmund
D:5:      layout_cave_pools, elyvilon_altar_1, mainiacjoe_overflow_alcove_4,
          hex_medium, uniq_sigmund, uniq_duvessa
D:6:      layout_cave_pools, nicolae_uskayaw_murder_on_the_dancefloor,
          lemuel_tele_altar, cheibriados_altar_1, bloody_makhleb, serial_shops,
          nicolae_stop_n_shop_1, uniq_maggie
D:7:      layout_basic, kennysheep_mini_moat, lemuel_coloured_pillars_altar,
          xom_confusion_cloud, minmay_temple_entry_oklob, enter_bailey_2,
          hellmonk_guarded_unrand_vines, uniq_pikel
Bailey:   bailey_polearm_5, bailey

Skill      XL: |  1  2  3  4  5  6  7  8  9 10 |
---------------+-------------------------------+-----
Ice Magic      | 5 6 7 8 |  8.0
Spellcasting   | 5 6 10 | 10.6
Fighting       | 4 6 7 |  7.5
Dodging        | 4 6 8 |  8.0
Conjurations   | 3 5 |  5.4
Stealth        | |  2.6

Action                     |  1- 3 |  4- 6 |  7- 9 | 10-12 || total
---------------------------+-------+-------+-------+-------++-------
  Melee: Dagger            |     7 |       |       |       ||     7
         Constrict         |     8 |    12 |    12 |     7 ||    39
         Tentacles         |     5 |     8 |    29 |     6 ||    48
         Short sword       |    42 |    41 |    82 |       ||   165
         Punch             |     1 |       |     3 |       ||     4
         Trident           |       |       |    49 |    19 ||    68
   Cast: Freeze            |    12 |    22 |    23 |    15 ||    72
         Frozen Ramparts   |     5 |    18 |    29 |    14 ||    66
         Ozocubu's Armour  |       |       |    17 |    13 ||    30
         Searing Ray       |       |       |       |     3 ||     3
    Use: Scroll            |       |     2 |     2 |     5 ||     9
         Potion            |       |       |       |     1 ||     1
   Stab: Sleeping          |    10 |     7 |     4 |       ||    21
 Armour: Skin              |     1 |     1 |    33 |    17 ||    52
  Dodge: Dodged            |    23 |    32 |    98 |    42 ||   195
